PCL
MEXICO CITY CERVECEROS @ DISTRICT 9 PRAWNS
08/22/2024
 
TOP OF THE 1ST
Mexico City Cerveceros batting - Pitching for District 9 Prawns : RHP Jeff Townsend
Pitching: RHP Jeff Townsend
Batting: LHB Sammy Marshall 0-0: Called Strike
0-1: Foul Ball, location: 2F
0-2: Fly out, F6 (Popup, 6MD)
Batting: RHB Dennis Stephenson 0-0: Ball
1-0: Ball
2-0: Called Strike
2-1: Fly out, F7 (Line Drive, 78S)
Batting: LHB Chad Weaver 0-0: Ball
1-0: Foul Ball, location: 2F
1-1: TRIPLE (Line Drive, 89D)
Batting: RHB Dave Morgan 0-0: Foul Ball, location: 2F
0-1: Fly out, F7 (Flyball, 7M)
Top of the 1st over - 0 run(s), 1 hit(s), 0 error(s), 1 left on base; Mexico City 0 - District 9 0
BOTTOM OF THE 1ST
District 9 Prawns batting - Pitching for Mexico City Cerveceros : RHP Thomas Hughes
Pitching: RHP Thomas Hughes
Batting: RHB Enrique Aguilar 0-0: Ball
1-0: Called Strike
1-1: Foul Ball, location: 2F
1-2: Ground out 4-3 (Groundball, 4)
Batting: RHB Alfredo Cortéz 0-0: Ball
1-0: Ball
2-0: Called Strike
2-1: Called Strike
2-2: Ball
3-2: Strikes out looking
Batting: LHB Terry White 0-0: Ball
1-0: Called Strike
1-1: Called Strike
1-2: Ball
2-2: Fly out, F2 (Popup, 2LF)
Bottom of the 1st over - 0 run(s), 0 hit(s), 0 error(s), 0 left on base; Mexico City 0 - District 9 0
TOP OF THE 2ND
Mexico City Cerveceros batting - Pitching for District 9 Prawns : RHP Jeff Townsend
Batting: LHB Francisco Franco 0-0: Ball
1-0: Ground out 5-3 (Groundball, 5S)
Batting: RHB Lorenzo Ayala 0-0: Swinging Strike
0-1: Ball
1-1: Ball
2-1: Bunt for hit - play at first, batter OUT! 3-4
Batting: RHB Robinson Pacheco 0-0: Ball
1-0: Ball
2-0: Called Strike
2-1: Ball
3-1: Fly out, F8 (Flyball, 8LD)
Top of the 2nd over - 0 run(s), 0 hit(s), 0 error(s), 0 left on base; Mexico City 0 - District 9 0
BOTTOM OF THE 2ND
District 9 Prawns batting - Pitching for Mexico City Cerveceros : RHP Thomas Hughes
Batting: LHB Ryan Hensley 0-0: Ball
1-0: Ball
2-0: Ball
3-0: Base on Balls
Batting: LHB José Flores 0-0: Foul Ball, location: 2F
0-1: Ball
1-1: Ball
2-1: Foul Ball, location: 2F
2-2: Ball
3-2: Grounds into double play, 4-6-3 (Groundball, 4)
Batting: RHB Jonah Duncan 0-0: Called Strike
0-1: Foul Ball, location: 2F
0-2: Strikes out swinging
Bottom of the 2nd over - 0 run(s), 0 hit(s), 0 error(s), 0 left on base; Mexico City 0 - District 9 0
TOP OF THE 3RD
Mexico City Cerveceros batting - Pitching for District 9 Prawns : RHP Jeff Townsend
Batting: RHB Naomi Kitamura 0-0: Ball
1-0: Ball
2-0: Ball
3-0: Base on Balls
Batting: RHB Ernesto Jiménez 0-0: Ball
1-0: Ball
2-0: Hit by Pitch
Naomi Kitamura to second
Batting: LHB Sammy Marshall 0-0: Called Strike
0-1: Ball
1-1: Ball
2-1: Swinging Strike
2-2: Strikes out swinging
Batting: RHB Dennis Stephenson 0-0: Swinging Strike
0-1: Ball
Reached via error on a dropped throw, E6
Naomi Kitamura to third
Ernesto Jiménez to second
Batting: LHB Chad Weaver 0-0: Called Strike
0-1: Ball
1-1: Foul Ball, location: 2F
1-2: Strikes out swinging
Batting: RHB Dave Morgan 0-0: Ball
1-0: Ball
2-0: Foul Ball, location: 2F
2-1: Ball
3-1: Ground out 6-3 (Groundball, 6)
Top of the 3rd over - 0 run(s), 0 hit(s), 1 error(s), 3 left on base; Mexico City 0 - District 9 0
BOTTOM OF THE 3RD
District 9 Prawns batting - Pitching for Mexico City Cerveceros : RHP Thomas Hughes
Batting: RHB Mal Snyder 0-0: Ball
1-0: Called Strike
1-1: Ball
2-1: Foul Ball, location: 2F
2-2: Strikes out swinging
Batting: SHB Mark Pope 0-0: Ball
1-0: Foul Ball, location: 2F
1-1: Called Strike
1-2: Foul Ball, location: 2F
1-2: Ball
2-2: Foul Ball, location: 2F
2-2: Foul Ball, location: 2F
2-2: Ball
3-2: Foul Ball, location: 2F
3-2: Foul Ball, location: 2F
3-2: Reached on error, E4 (Groundball, 4)
Batting: RHB Phil Jacobs 0-0: Ball
1-0: SINGLE (Line Drive, 4MD)
Mark Pope to second
Batting: RHB Enrique Aguilar 0-0: Called Strike
0-1: Ball
1-1: Foul Ball, location: 2F
1-2: Ball
2-2: Ball
3-2: Grounds into double play, 5-4-3 (Groundball, 5)
Bottom of the 3rd over - 0 run(s), 1 hit(s), 1 error(s), 1 left on base; Mexico City 0 - District 9 0
TOP OF THE 4TH
Mexico City Cerveceros batting - Pitching for District 9 Prawns : RHP Jeff Townsend
Batting: LHB Francisco Franco 0-0: Called Strike
0-1: Ball
1-1: Ball
2-1: Ball
3-1: Called Strike
3-2: Base on Balls
Batting: RHB Lorenzo Ayala 0-0: Ball
1-0: Foul Ball, location: 2F
1-1: Swinging Strike
1-2: Foul Ball, location: 2F
1-2: Strikes out swinging
Batting: RHB Robinson Pacheco 0-0: Swinging Strike
0-1: Foul Ball, location: 2F
0-2: Strikes out swinging
Batting: RHB Naomi Kitamura 0-0: Foul Ball, location: 2F
0-1: Ball
1-1: Ball
2-1: Foul Ball, location: 2F
2-2: DOUBLE (Flyball, 89XD)
Francisco Franco to third
Runner from 3rd tries for Home, SAFE, no throw or cutoff
Batting: RHB Ernesto Jiménez 0-0: Ball
1-0: Ball
2-0: SINGLE (Line Drive, 4MD)
Naomi Kitamura to third
Batting: LHB Sammy Marshall 0-0: Ball
1-0: Swinging Strike
1-1: Foul Ball, location: 2F
1-2: Ground out 4-3 (Groundball, 34)
Top of the 4th over - 1 run(s), 2 hit(s), 0 error(s), 2 left on base; Mexico City 1 - District 9 0
BOTTOM OF THE 4TH
District 9 Prawns batting - Pitching for Mexico City Cerveceros : RHP Thomas Hughes
Batting: RHB Alfredo Cortéz 0-0: Ball
1-0: Swinging Strike
1-1: Ground out 6-3 (Groundball, 6)
Batting: LHB Terry White 0-0: Foul Ball, location: 2F
0-1: Foul Ball, location: 2F
0-2: Ball
1-2: Ball
2-2: SOLO HOME RUN (Flyball, 9LD), Distance : 366 ft
Batting: LHB Ryan Hensley 0-0: Ball
1-0: SOLO HOME RUN (Flyball, 89XD), Distance : 424 ft
Batting: LHB José Flores 0-0: Ball
1-0: SOLO HOME RUN (Flyball, 9D), Distance : 407 ft
Batting: RHB Jonah Duncan 0-0: Ball
1-0: Ball
2-0: Ball
3-0: Called Strike
3-1: Base on Balls
Batting: RHB Mal Snyder 0-0: Swinging Strike
0-1: Ball
1-1: Ball
2-1: Foul Ball, location: 2F
2-2: Ball
3-2: SINGLE (Groundball, 4MD)
Jonah Duncan to second
Runner from 2nd tries for 3rd, SAFE, throw made to third
Batting: SHB Mark Pope 0-0: Called Strike
0-1: Foul Ball, location: 2F
0-2: Ball
1-2: Fly out, F4 (Popup, 3DF)
Batting: RHB Phil Jacobs 0-0: Reached on error, E5 (Groundball, 5S)
Jonah Duncan scores
Mal Snyder to second
Batting: RHB Enrique Aguilar 0-0: Fly out, F7 (Flyball, 7M)
Bottom of the 4th over - 4 run(s), 4 hit(s), 1 error(s), 2 left on base; Mexico City 1 - District 9 4
TOP OF THE 5TH
Mexico City Cerveceros batting - Pitching for District 9 Prawns : RHP Jeff Townsend
Batting: RHB Dennis Stephenson 0-0: Called Strike
0-1: Ball
1-1: Ball
2-1: Foul Ball, location: 2F
2-2: Ball
3-2: Base on Balls
Batting: LHB Chad Weaver 0-0: Ball
Wild Pitch!
Dennis Stephenson to second
1-0: Ball
2-0: Ball
3-0: Called Strike
3-1: Base on Balls
Batting: RHB Dave Morgan 0-0: Ball
1-0: Called Strike
1-1: Foul Ball, location: 2F
1-2: Ball
2-2: Ball
3-2: Foul Ball, location: 2F
3-2: Fly out, F8 (Flyball, 89XD)
Runner from 2nd tags up, SAFE at 3rd, no throw
Batting: LHB Francisco Franco 0-0: Swinging Strike
0-1: Ball
1-1: Ground out 4-3 (Groundball, 4M)
Dennis Stephenson scores
Chad Weaver to second
Batting: RHB Lorenzo Ayala 0-0: Fly out, F5 (Popup, 15S)
Top of the 5th over - 1 run(s), 0 hit(s), 0 error(s), 1 left on base; Mexico City 2 - District 9 4
BOTTOM OF THE 5TH
District 9 Prawns batting - Pitching for Mexico City Cerveceros : RHP Thomas Hughes
Batting: RHB Alfredo Cortéz 0-0: Foul Ball, location: 2F
0-1: Ball
1-1: Foul Ball, location: 2F
1-2: Strikes out swinging
Batting: LHB Terry White 0-0: Ball
1-0: Ground out 6-3 (Groundball, 6)
Batting: LHB Ryan Hensley 0-0: Ball
1-0: Foul Ball, location: 2F
1-1: Foul Ball, location: 2F
1-2: DOUBLE (Line Drive, 89D)
Batting: LHB José Flores 0-0: Called Strike
0-1: Swinging Strike
0-2: Strikes out swinging
Bottom of the 5th over - 0 run(s), 1 hit(s), 0 error(s), 1 left on base; Mexico City 2 - District 9 4
TOP OF THE 6TH
Mexico City Cerveceros batting - Pitching for District 9 Prawns : RHP Jeff Townsend
Batting: RHB Robinson Pacheco 0-0: Ball
1-0: Ball
2-0: Swinging Strike
2-1: Called Strike
2-2: Foul Ball, location: 2F
2-2: Strikes out looking
Pitching: RHP Julián Romero
Batting: RHB Naomi Kitamura 0-0: Called Strike
0-1: Ground out 5-3 (Groundball, 5S)
Batting: RHB Ernesto Jiménez 0-0: Called Strike
0-1: Called Strike
0-2: Strikes out looking
Top of the 6th over - 0 run(s), 0 hit(s), 0 error(s), 0 left on base; Mexico City 2 - District 9 4
BOTTOM OF THE 6TH
District 9 Prawns batting - Pitching for Mexico City Cerveceros : RHP Thomas Hughes
Batting: RHB Jonah Duncan 0-0: Foul Ball, location: 2F
0-1: Ball
1-1: Foul Ball, location: 2F
1-2: Strikes out swinging
Batting: RHB Mal Snyder 0-0: Ball
1-0: Called Strike
1-1: Foul Ball, location: 2F
1-2: Foul Ball, location: 2F
1-2: Strikes out swinging
Batting: SHB Mark Pope 0-0: Ball
1-0: Ball
2-0: Called Strike
2-1: Ball
3-1: Called Strike
3-2: Base on Balls
Pitching: RHP Troy Hawkins
Batting: RHB Phil Jacobs 0-0: Called Strike
0-1: Fly out, F9 (Flyball, 89D)
Bottom of the 6th over - 0 run(s), 0 hit(s), 0 error(s), 1 left on base; Mexico City 2 - District 9 4
TOP OF THE 7TH
Mexico City Cerveceros batting - Pitching for District 9 Prawns : RHP Julián Romero
Batting: LHB Sammy Marshall 0-0: Called Strike
0-1: Ground out 4-3 (Groundball, 4)
Batting: RHB Dennis Stephenson 0-0: Ball
1-0: Swinging Strike
1-1: Ball
2-1: Ball
3-1: Base on Balls
Batting: LHB Chad Weaver 0-0: SINGLE (Groundball, 34)
Dennis Stephenson to second
Runner from 2nd tries for 3rd, SAFE, throw made to third
Batting: RHB Dave Morgan 0-0: Ball
1-0: Grounds into double play, 6-4-3 (Groundball, 6)
Top of the 7th over - 0 run(s), 1 hit(s), 0 error(s), 1 left on base; Mexico City 2 - District 9 4
BOTTOM OF THE 7TH
District 9 Prawns batting - Pitching for Mexico City Cerveceros : RHP Troy Hawkins
Batting: RHB Enrique Aguilar 0-0: Ground out 5-3 (Groundball, 56S)
Batting: RHB Alfredo Cortéz 0-0: Called Strike
0-1: Swinging Strike
0-2: Ball
1-2: Fly out, F7 (Flyball, 7D)
Batting: LHB Terry White 0-0: Called Strike
0-1: Called Strike
0-2: Ball
1-2: Fly out, F8 (Flyball, 8RD)
Bottom of the 7th over - 0 run(s), 0 hit(s), 0 error(s), 0 left on base; Mexico City 2 - District 9 4
TOP OF THE 8TH
Mexico City Cerveceros batting - Pitching for District 9 Prawns : RHP Julián Romero
Batting: LHB Francisco Franco 0-0: Called Strike
0-1: Ball
1-1: Called Strike
1-2: Ball
2-2: Ball
3-2: Strikes out swinging
Pitching: RHP Gerard Allen
Batting: RHB Lorenzo Ayala 0-0: SOLO HOME RUN (Flyball, 7LD), Distance : 381 ft
Pitching: RHP César Rúbio
Batting: RHB Robinson Pacheco 0-0: Ball
1-0: Swinging Strike
1-1: Ball
2-1: Ball
3-1: Base on Balls
Pinch Runner at 1st Henning Huisman:
Batting: RHB Naomi Kitamura 0-0: Ball
1-0: Called Strike
1-1: Foul Ball, location: 2F
1-2: Strikes out looking
Batting: RHB Ernesto Jiménez 0-0: Ball
1-0: Foul Ball, location: 2F
1-1: Foul Ball, location: 2F
1-2: Ball
2-2: Strikes out looking
Top of the 8th over - 1 run(s), 1 hit(s), 0 error(s), 1 left on base; Mexico City 3 - District 9 4
BOTTOM OF THE 8TH
District 9 Prawns batting - Pitching for Mexico City Cerveceros : RHP Troy Hawkins
Now at 3B: Iván Gonzáles
Batting: LHB Ryan Hensley 0-0: Foul Ball, location: 2F
0-1: Ball
1-1: Ball
2-1: SINGLE (Groundball, 34D)
Batting: LHB José Flores 0-0: Called Strike
0-1: Fly out, F8 (Flyball, 8LD)
Batting: RHB Jonah Duncan 0-0: Swinging Strike
0-1: Ball
1-1: Called Strike
1-2: Foul Ball, location: 2F
1-2: Ball
2-2: Strikes out looking
Batting: RHB Mal Snyder 0-0: Ball
1-0: Called Strike
1-1: Ball
2-1: Ground out 5-3 (Groundball, 5S)
Bottom of the 8th over - 0 run(s), 1 hit(s), 0 error(s), 1 left on base; Mexico City 3 - District 9 4
TOP OF THE 9TH
Mexico City Cerveceros batting - Pitching for District 9 Prawns : RHP César Rúbio
Pitching: LHP Pedro Vega
Now at C: Ralph Schultz
Now at 2B: Manuel Torres
Pinch Hitting: RHB Pablo Trujillo 0-0: Swinging Strike
0-1: Ball
1-1: Ball
2-1: Foul Ball, location: 2F
2-2: Ball
3-2: Foul Ball, location: 2F
3-2: Base on Balls
Batting: RHB Dennis Stephenson 0-0: Foul Ball, location: 2F
0-1: Ball
1-1: Foul Ball, location: 2F
1-2: Ball
2-2: Strikes out looking
Pinch Hitting: RHB Robert Johnson 0-0: Ball
1-0: Ball
2-0: Swinging Strike
2-1: Foul Ball, location: 2F
2-2: Strikes out swinging
Batting: RHB Dave Morgan 0-0: Called Strike
0-1: Swinging Strike
0-2: Ball
1-2: Strikes out swinging
Top of the 9th over - 0 run(s), 0 hit(s), 0 error(s), 1 left on base; Mexico City 3 - District 9 4
This league is powered by Out of the Park Baseball, the baseball management simulation game for PC, Mac and Linux
Saturday, April 9th, 2016 - OOTP Baseball 16.8 Build 38